 Dungeon Crawl Stone Soup version 0.27-a0-1154-gfdeffcb720 (webtiles) character file.

Game seed: 12339380392053742903

74 robertstho the Skirmisher (level 4, -1/40 HPs)
             Began as a Draconian Berserker on May 14, 2021.
             Was a Follower of Trog.
             Slain by a shadow imp (5 damage)
             ... summoned by Natasha
             ... on level 2 of the Dungeon.
             The game lasted 00:01:18 (1085 turns).

robertstho the Skirmisher (Draconian Berserker)     Turns: 1085, Time: 00:01:19

Health: -1/40      AC:  5    Str: 21    XL:     4   Next: 10%
Magic:  4/4        EV: 12    Int:  7    God:    Trog [*.....]
Gold:   33         SH:  0    Dex: 10    Spells: 3/3 levels left

rFire    . . .     SeeInvis .   a - +0 falchion
rCold    . . .     Faith    .   (no shield)
rNeg     . . .     Spirit   .   (armour unavailable)
rPois    .         Reflect  .   (helmet restricted)
rElec    .         Harm     .   (no cloak)
rCorr    +         Rampage  .   (no gloves)
Will     .....                  (no boots)
Stlth    +.........             (no amulet)
HPRegen  0.13/turn              d - ring of resist corrosion
MPRegen  0.09/turn              (no ring)

@: on berserk cooldown
A: AC +5, unfitting armour, cold-blooded, hooves 1, screaming 1
a: Renounce Religion, Berserk


You were on level 2 of the Dungeon.
You worshipped Trog.
Trog was aware of your devotion.
You visited 1 branch of the dungeon, and saw 2 of its levels.

You collected 33 gold pieces.

Inventory:

Hand Weapons
 a - a +0 falchion (weapon)
Jewellery
 d - a ring of resist corrosion (left hand)
Scrolls
 b - a scroll of identify {unknown}
 e - a scroll of teleportation {unknown}
 g - a scroll of amnesia {unknown}
Potions
 f - a potion of degeneration {unknown}
 h - 3 potions of mutation
 i - a potion of invisibility {unknown}


   Skills:
 * Level 4.1 Fighting
 + Level 3.5 Long Blades
 * Level 3.4 Dodging
 * Level 0.9 Stealth


You had 3 spell levels left.
You didn't know any spells.
Your spell library was empty.

Dungeon Overview and Level Annotations

Branches:
Dungeon (2/15)

Altars:

Annotations:
D:2 Natasha


Innate Abilities, Weirdness & Mutations

Your plain brown scales are hard. (AC +5)
You cannot fit into any form of body armour.
You are cold-blooded and may be slowed by cold attacks.
You have large cloven feet.
You occasionally shout uncontrollably at your foes.


Message History

Natasha is heavily wounded.
You hit Natasha.
Natasha is heavily wounded.
The crimson imp closely misses you.
You riposte.
You hit the crimson imp but do no damage.
Natasha claws you!
* * * LOW HITPOINT WARNING * * *
The crimson imp blinks!
Natasha mumbles some strange words.
It was a potion of mutation.
You feel extremely strange.
You feel frail.
Your feet thicken and deform.
You feel the urge to shout.
You feel robust.
The crimson imp blinks!
The shadow imp misses you. Natasha claws you.
* * * LOW HITPOINT WARNING * * *
It was a potion of ambrosia.
You are confused.
You feel invigorated. The shadow imp closely misses you. Natasha claws you.
* * * LOW HITPOINT WARNING * * *
The shadow imp hits you.
* * * LOW HITPOINT WARNING * * *
Natasha closely misses you.
You bump into the rock wall.
You feel yourself speed up. The shadow imp barely misses you.
Natasha claws you.
* * * LOW HITPOINT WARNING * * *
You bump into the rock wall.
The shadow imp completely misses you. Natasha claws you!
* * * LOW HITPOINT WARNING * * *
You miss Natasha.
Natasha is heavily wounded.
You feel less invigorated.
You feel less confused. The shadow imp hits you.
* * * LOW HITPOINT WARNING * * *
Natasha claws you.
* * * LOW HITPOINT WARNING * * *
You closely miss Natasha. Your kick misses Natasha.
Natasha is heavily wounded.
The shadow imp hits you.
You die...

#######.......!..
##.....#.##
##...##.####
#.### .#.. #.#
...# #.# #..# #.#
#..# #
#.#####..####.#
#...@h........#
####5.........#
#.##5.####.#
#.##..# #.##..#
#.##.## #.##.###
#######.##...#
.........#.#.##


You could see Natasha, a crimson imp (summoned) and a shadow imp (summoned).

Vanquished Creatures
  Natasha (twice) (D:2)
  A dart slug (D:1)
  3 ball pythons (D:1)
  2 endoplasms
  A giant cockroach (D:1)
  A goblin (D:1)
  2 hobgoblins (D:1)
  4 quokkas (D:1)
  4 bats (D:1)
  A frilled lizard (D:1)
  A kobold (D:1)
22 creatures vanquished.

Notes
Turn   | Place    | Note
-------+----------+-------------------------------------------
     0 | D:1      | robertstho the Draconian Berserker began the quest for the
                  | Orb.
     0 | D:1      | Reached XP level 1. HP: 19/19 MP: 1/1
   154 | D:1      | Reached XP level 2. HP: 20/26 MP: 2/2
   847 | D:2      | Noticed Natasha
   859 | D:2      | Killed Natasha
   860 | D:2      | Reached skill level 4 in Fighting
   860 | D:2      | Reached XP level 3. HP: 4/33 MP: 3/3
  1053 | D:2      | Noticed Natasha
  1061 | D:2      | Killed Natasha
  1062 | D:2      | Reached XP level 4. HP: 40/40 MP: 4/4
  1069 | D:2      | Noticed Natasha
  1080 | D:2      | Gained mutation: You are frail. (-10% HP) [potion of
                  | mutation]
  1080 | D:2      | Gained mutation: You have large cloven feet. [potion of
                  | mutation]
  1080 | D:2      | Gained mutation: You occasionally shout uncontrollably at
                  | your foes. [potion of mutation]
  1080 | D:2      | Lost mutation: You are frail. (-10% HP) [potion of
                  | mutation]
  1085 | D:2      | Slain by a shadow imp

Illustrated notes

Levels and vault maps discovered:
D:1:      minmay_arrival_shattered_statue, layout_loops_ring
D:2:      layout_loops_ring, uniq_natasha, uniq_crazy_yiuf_cottage

Skill      XL: |  1  2 |
---------------+-------+-----
Dodging        | 3 |  3.4
Fighting       | 4 |  4.1
Long Blades    | |  3.5
Stealth        | |  0.9

Action                   |  1- 3 |  4- 6 || total
-------------------------+-------+-------++-------
Melee: Falchion          |    47 |     9 ||    56
       Tailslap          |     2 |       ||     2
Invok: Berserk           |     2 |       ||     2
  Use: Potion            |       |     2 ||     2
 Stab: Sleeping          |     1 |       ||     1
Armor: Skin              |    13 |     2 ||    15
Dodge: Dodged            |    30 |    10 ||    40
       Rpst.: Falchion   |     7 |     3 ||    10

Table legend: (Time is in decaauts)
 A = Elapsed time spent in this place.
 B = Non-inter-level travel time spent in this place.
 C = Inter-level travel time spent in this place.
 D = Time resting spent in this place.
 E = Time spent auto-exploring this place.
 F = Levels seen in this place.
 G = Mean time per level.
                   A        B        C        D        E       F      G
               +--------+--------+--------+--------+--------+-----+--------+
         Total |   1109 |   1078 |     31 |    196 |    711 |   2 |  554.5 |
       Dungeon |   1109 |   1078 |     31 |    196 |    711 |   2 |  554.5 |
               +--------+--------+--------+--------+--------+-----+--------+

Top non-repeatable levels by time:
     D:1: 734 daAuts
     D:2: 375 daAuts
